 Dungeon Crawl Stone Soup version 0.32-a0-314-g526f7d4993 (webtiles) character file.

Game seed: 15711189072128993138

798 lunkers the Basher (level 7, -1/57 HPs)
             Began as a Mountain Dwarf Fighter on Feb 15, 2024.
             Slain by an orc
             ... wielding a +0 flail
              (4 damage)
             ... on level 5 of the Dungeon.
             The game lasted 00:06:58 (4649 turns).

lunkers the Basher (Mountain Dwarf Fighter)         Turns: 4649, Time: 00:06:58

Health: -1/57      AC: 10    Str: 20    XL:     7   Next: 58%
Magic:  7/7        EV: 14    Int:  9    God:
Gold:   221        SH:  4    Dex:  9    Spells: 6/6 levels left

rFire   . . .        b - +0 morningstar
rCold   . . .        c - +0 buckler
rNeg    . . .        y - +0 scale mail
rPois   .            (no helmet)
rElec   .            (no cloak)
rCorr   .            (no gloves)
SInv    .            n - +2 pair of boots
Will    +....        (no amulet) Stlth
                     f - +5 ring of evasion
HPRegen 0.29/turn    r - ring of willpower
MPRegen 0.10/turn

%: no passive effects
@: mighty
A: runic magic, artefact enchanting
a: Convert to Beogh


You were on level 5 of the Dungeon.
You visited 1 branch of the dungeon, and saw 5 of its levels.

You collected 221 gold pieces.

Inventory:

Hand Weapons
 a - a +0 flail
 b - a +0 morningstar (weapon)
Missiles
 x - 5 silver javelins
 B - 6 stones
Armour
 c - a +0 buckler (worn)
 n - a +2 pair of boots (worn)
 y - a +0 scale mail (worn)
Jewellery
 f - a +5 ring of evasion (left hand)
 p - a ring of protection from fire
 r - a ring of willpower (right hand)
 t - a +6 ring of dexterity
Scrolls
 h - a scroll of blinking {unknown}
 l - a scroll of summoning {unknown}
 m - 5 scrolls of teleportation
 o - a scroll of enchant armour {unknown}
 q - a scroll of enchant weapon {unknown}
 u - 2 scrolls of noise {unknown}
 v - 2 scrolls of identify {unknown}
 w - a scroll of vulnerability
 z - a scroll of poison {unknown}
Potions
 d - 2 potions of might
 e - 3 potions of mutation {unknown}
 g - a potion of lignification {unknown}
 i - 2 potions of attraction {unknown}
 j - 6 potions of curing {unknown}
 k - a potion of degeneration {unknown}
 s - a potion of heal wounds {unknown}
 A - a potion of cancellation {unknown}


   Skills:
 - Level 3.2 Fighting
 * Level 10.5 Maces & Flails
 - Level 3.2 Armour
 - Level 3.2 Shields


You had 6 spell levels left.
You didn't know any spells.
Your spell library contained the following spells:

 Spells                   Type           Power      Damage    Failure   Level
 Cigotuvi's Dreadful Rot  Necr/Alch/Air  0%         N/A       69%         2
 Mercury Vapours          Alch/Air       0%         N/A       69%         2
 Mephitic Cloud           Conj/Alch/Air  0%         N/A       89%         3
 Ignite Poison            Fire/Alch      0%         N/A       100%        4
 Freezing Cloud           Conj/Ice/Air   0%         6-21      100%        5


Dungeon Overview and Level Annotations

Branches:
Dungeon (5/15)
 Temple: D:4-7

Altars:
Nemelex Xobeh
Yredelemnul

Shops:
D:1 [


Innate Abilities, Weirdness & Mutations

Your spellcasting is much less encumbered by armour.
You can use scrolls of enchantment on lesser artefacts.


Message History

The orc warrior is moderately wounded.
The orc warrior misses you.
The orc priest calls upon Beogh to heal the orc warrior.
The orc warrior is healed somewhat.
The orc hits you with a +0 flail.
* * * LOW HITPOINT WARNING * * *
You sock the orc warrior!
The orc warrior is heavily wounded.
The orc warrior barely misses you. The orc priest barely misses you.
The orc hits you with a +0 flail!
* * * LOW HITPOINT WARNING * * *
You barely miss the orc warrior.
The orc warrior is heavily wounded.
The orc priest shouts, "Beogh offers mercy even to people such as you.
Join us and be reborn!"
The orc warrior completely misses you.
The orc priest calls upon Beogh to heal the orc warrior.
The orc warrior is healed somewhat.
The orc hits you with a +0 flail!
* * * LOW HITPOINT WARNING * * *
Unknown command.
You closely miss the orc warrior.
The orc warrior is moderately wounded.
The orc warrior hits you with a +0 dire flail!
* * * LOW HITPOINT WARNING * * *
The orc priest hits you but does no damage.
The orc closely misses you.
You puncture the orc warrior!
The orc warrior is heavily wounded.
The orc warrior closely misses you. The orc misses you.
The orc priest shouts, "Beogh offers mercy even to people such as you.
Join us and be reborn!"
The orc priest misses you.
Unknown command.
You feel very mighty all of a sudden. You block the orc warrior's attack.
The orc priest hits you but does no damage.
The orc closely misses you.
Unknown command.
You closely miss the orc warrior.
The orc warrior is heavily wounded.
The orc warrior barely misses you. You block the orc priest's attack.
The orc hits you with a +0 flail.
You die...

#)........).#.# ####
#)###....#..#.# .....
##).......#.##.#
#..####............#.#
###....................#
#..........###~..~###..#
#.##.##o..#...#~≈#...#.#
.. #oo.#.⌠.#≈≈#.⌠.#.# .
#@o[#...#≈≈#...#.#
####.#..###≈≈≈~###...
#.........≈≈≈≈≈~.....
#.##......≈≈≈≈≈~.....
#.####..###~≈≈≈###..#
#.# .#...#≈≈# .#.# #.#
.#.⌠.#≈≈ . .# #.#
#5..#~≈ . .# ..# #~ ##
.#


You could see an orc warrior, an orc priest and 2 orcs.

Vanquished Creatures
  2 ogres
  A phantom (D:4)
  A gnoll sergeant (D:5)
  A howler monkey (D:5)
  3 orc priests (D:4)
  A jelly (D:4)
  Terence (D:3)
  8 gnolls
  6 adders
  2 ufetubi (D:5)
  5 dart slugs
  A ribbon worm (D:3)
  13 orcs
  3 ball pythons
  11 endoplasms
  4 hobgoblins
  9 jackals
  11 kobolds
  2 quokkas
  8 bats
  A goblin (D:4)
  3 rats
97 creatures vanquished.

Notes
Turn   | Place    | Note
-------+----------+-------------------------------------------
     0 | D:1      | lunkers the Mountain Dwarf Fighter began the quest for the
                  | Orb.
     0 | D:1      | Reached XP level 1. HP: 19/19 MP: 1/1
    78 | D:1      | Reached skill level 3 in Maces & Flails
   189 | D:1      | Reached XP level 2. HP: 21/26 MP: 2/2
   394 | D:1      | Reached skill level 4 in Maces & Flails
   467 | D:1      | Reached XP level 3. HP: 26/31 MP: 3/3
   596 | D:1      | Found Qiojigh's Antique Armour Emporium.
  1019 | D:2      | Reached skill level 5 in Maces & Flails
  1072 | D:2      | Reached XP level 4. HP: 22/38 MP: 4/4
  1399 | D:2      | Reached skill level 6 in Maces & Flails
  1453 | D:2      | Found a basalt altar of Yredelemnul.
  2162 | D:3      | Reached XP level 5. HP: 45/45 MP: 5/5
  2163 | D:3      | Found a faded altar of an unknown god.
  2614 | D:3      | Noticed Terence
  2624 | D:3      | Killed Terence
  2625 | D:3      | Reached skill level 7 in Maces & Flails
  3344 | D:4      | Noticed an ogre
  3354 | D:4      | Killed an ogre
  3355 | D:4      | Reached skill level 8 in Maces & Flails
  3355 | D:4      | Reached XP level 6. HP: 29/51 MP: 6/6
  3629 | D:4      | Identified the +1 shortbow "Figeequth" {drain, Str+3 Int+3
                  | Dex-4}
  3772 | D:4      | Found a sparkling altar of Nemelex Xobeh.
  3788 | D:4      | Reached skill level 9 in Maces & Flails
  3960 | D:4      | Reached XP level 7. HP: 46/57 MP: 7/7
  4194 | D:5      | Entered Level 5 of the Dungeon
  4390 | D:5      | Reached skill level 10 in Maces & Flails
  4646 | D:5      | HP: 2/57 [orc warrior/+0 dire flail (9)]
  4649 | D:5      | Slain by an orc

Illustrated notes

Levels and vault maps discovered:
D:1:      spicycebolla_arrival_xxxplode, layout_basic, serial_shops, shop
D:2:      layout_basic, basic_altar
D:3:      layout_loops_ring, shapermc_ecumenical_altar_flowoftime,
          grunt_decor_mini_mirrors, uniq_terence
D:4:      layout_basic, nemelex_xobeh_ov_fountains_minmay
D:5:      layout_loops_cross, minivault_19, fountainhead, grunt_ministairs_3,
          nrook_pool_corridor

Skill      XL: |  1  2  3  4  5  6  7 |
---------------+----------------------+-----
Maces & Flails | 3 4 5 6 8 9 10 | 10.5
Fighting       | |  3.2
Armour         | |  3.2
Shields        | |  3.2

Action                     |  1- 3 |  4- 6 |  7- 9 || total
---------------------------+-------+-------+-------++-------
  Melee: Flail             |    63 |   235 |    28 ||   326
         Morningstar       |       |       |    48 ||    48
    Use: Scroll            |       |     2 |       ||     2
         Potion            |       |       |     1 ||     1
 Armour: Scale mail        |    48 |   126 |    34 ||   208
  Dodge: Dodged            |    17 |   107 |    73 ||   197
  Block: Buckler           |    10 |    53 |    11 ||    74

Table legend: (Time is in decaauts)
 A = Elapsed time spent in this place.
 B = Non-inter-level travel time spent in this place.
 C = Inter-level travel time spent in this place.
 D = Time resting spent in this place.
 E = Time spent auto-exploring this place.
 F = Levels seen in this place.
 G = Mean time per level.
                   A        B        C        D        E       F      G
               +--------+--------+--------+--------+--------+-----+--------+
         Total |   4690 |   4559 |    131 |      0 |   3760 |   5 |  938.0 |
       Dungeon |   4690 |   4559 |    131 |      0 |   3760 |   5 |  938.0 |
               +--------+--------+--------+--------+--------+-----+--------+

Top non-repeatable levels by time:
     D:4: 1181 daAuts
     D:2: 1082 daAuts
     D:1: 1016 daAuts
     D:3: 955 daAuts
     D:5: 455 daAuts
